 Dungeon Crawl Stone Soup version 0.23.0 (webtiles) character file.

Game seed: 695213495057226044

11484 doot the Destroyer (level 11, -26/89 HPs)
             Began as a Grey Draconian Conjurer on Feb 13, 2019.
             Was a High Priest of Vehumet.
             Annihilated by a white ugly thing (52 damage)
             ... on level 11 of the Dungeon on Feb 14, 2019.
             The game lasted 00:54:15 (15819 turns).

doot the Destroyer (Grey Draconian Conjurer)       Turns: 15819, Time: 00:54:17

Health: -26/89     AC: 14    Str: 11    XL:     11   Next: 49%
Magic:  22/22      EV: 16    Int: 21    God:    Vehumet [*****.]
Gold:   648        SH:  0    Dex: 14    Spells: 1/25 levels left

rFire    + . .     SeeInvis .   G - +5 long sword of the Imperium {holy, +Blink MR+ Int+3}
rCold    x . .     Gourm    .   (no shield)
rNeg     + + +     Faith    .   (armour unavailable)
rPois    .         Spirit   .   (helmet restricted)
rElec    .         Reflect  .   g - +1 cloak
rCorr    +         Harm     .   (no gloves)
MR       +....                  (no boots)
Stlth    ++++......             m - amulet of Xuikh {rF+ rC- rN+++ Regen+ Stlth+}
HPRegen  0.64/turn              v - +2 ring of dexterity
MPRegen  0.18/turn              A - ring of resist corrosion

@: about to teleport
A: walk through water, unfitting armour, unbreathing, cold-blooded, AC +12
a: Renounce Religion, Evoke Blink


You were on level 11 of the Dungeon.
You worshipped Vehumet.
Vehumet was extremely pleased with you.
You were not hungry.

You visited 3 branches of the dungeon, and saw 13 of its levels.
You also visited: Bailey.

You collected 648 gold pieces.

Inventory:

Hand Weapons
 a - a +2 dagger of holy wrath
 x - a +1 broad axe
 D - the +8 trident of Circularity {pierce, -Tele rPois Int+4}
   (You found it on level 8 of the Dungeon)

   It inflicts extra damage upon your enemies.
   It affects your intelligence (+4).
   It protects you from poison.
   It prevents most forms of teleportation.
 G - the +5 long sword of the Imperium (weapon) {holy, +Blink MR+ Int+3}
   (You found it on level 9 of the Dungeon)

   It has been blessed by the Shining One to cause great damage to the undead
   and demons.
   It affects your intelligence (+3).
   It affects your resistance to hostile enchantments.
   It lets you blink.
Missiles
 d - 6 throwing nets (quivered)
Armour
 g - a +1 cloak (worn)
 r - a +0 cloak
 C - the +9 scales of the Dragon King {rPois rF+ rC+ MR+}
   (You found it on level 8 of the Dungeon)

   It protects you from fire.
   It protects you from cold.
   It protects you from poison.
   It affects your resistance to hostile enchantments.
Jewellery
 m - the amulet of Xuikh (around neck) {rF+ rC- rN+++ Regen+ Stlth+}
   (You found it on level 5 of the Dungeon)

   [amulet of regeneration]

   It protects you from fire.
   It makes you vulnerable to cold.
   It renders you almost immune to negative energy.
   It increases your rate of regeneration.
   It makes you more stealthy.
 v - a +2 ring of dexterity (left hand)
 A - a ring of resist corrosion (right hand)
Wands
 y - a wand of flame (12)
 H - a wand of iceblast (4)
 J - a wand of enslavement (9)
Scrolls
 c - 3 scrolls of magic mapping
 h - 10 scrolls of remove curse
 j - 4 scrolls of teleportation
 n - 4 scrolls of enchant armour
 s - 2 scrolls of immolation
 t - a scroll of summoning
 u - a scroll of blinking
 E - 2 scrolls of amnesia
 I - 3 scrolls of vulnerability {unknown}
 K - 3 scrolls of identify
 L - a scroll of acquirement {unknown}
 M - a scroll of silence {unknown}
Potions
 e - 5 potions of resistance
 f - a potion of invisibility {unknown}
 i - 3 potions of magic
 k - a potion of cancellation
 l - a potion of mutation {unknown}
 o - a potion of might
 p - 2 potions of agility {unknown}
 q - a potion of curing {unknown}
 w - 2 potions of heal wounds
 B - a potion of brilliance {unknown}
 F - 2 potions of degeneration {unknown}
Miscellaneous
 z - a sack of spiders
Comestibles
 b - 20 rations
 N - 4 chunks of flesh


   Skills:
 + Level 6.0 Fighting
 + Level 3.7(4.5) Short Blades
 + Level 3.9(4.6) Long Blades
 + Level 6.2(6.8) Axes
 + Level 3.9(5.6) Polearms
 + Level 6.5 Dodging
 + Level 5.5 Stealth
 + Level 7.7 Spellcasting
 + Level 8.7 Conjurations
 + Level 2.0 Hexes
 + Level 1.2 Air Magic
 + Level 2.3 Poison Magic


You had one spell level left.
You knew the following spells:

 Your Spells              Type           Power        Failure   Level  Hunger
a - Magic Dart            Conj           ####         1%          1    None
b - Searing Ray           Conj           #####.       1%          2    None
c - Fulminant Prism       Conj/Hex       ####......   2%          4    ###....
d - Mephitic Cloud        Conj/Pois/Air  ####....     1%          3    None
e - Lightning Bolt        Conj/Air       ####......   8%          5    #####..
f - Conjure Flame         Conj/Fire      ####....     1%          3    None
g - Poison Arrow          Conj/Pois      ####......   32%         6    ######.

Your spell library contained the following spells:

 Spells                   Type           Power        Failure   Level  Hunger
 Shock                    Conj/Air       ####         1%          1    None
 Confusing Touch          Hex            ###...       3%          1    None
 Corona                   Hex            ###....      3%          1    None
 Animate Skeleton         Necr           N/A          9%          1    None
 Apportation              Tloc           #.....       9%          1    None
 Beastly Appendage        Tmut           #.....       9%          1    None
 Summon Small Mammal      Summ           #...         9%          1    None
 Dazzling Spray           Conj/Hex       ####..       1%          3    None
 Static Discharge         Conj/Air       ####....     1%          3    None
 Iskenderun's Mystic Bla  Conj           #####...     1%          4    ###....
 Inner Flame              Hex/Fire       ##......     4%          3    None
 Force Lance              Conj/Tloc      ####....     4%          4    ###....
 Slow                     Hex            ###.....     5%          2    None
 Swiftness                Chrm/Air       ##......     10%         2    None
 Sticks to Snakes         Tmut           #.......     12%         2    None
 Airstrike                Air            ##........   13%         4    ###....
 Portal Projectile        Hex/Tloc       ##....       16%         3    None
 Spider Form              Tmut/Pois      ##........   16%         3    None
 Cause Fear               Hex            ###.......   34%         4    ###....
 Leda's Liquefaction      Hex/Erth       ##........   47%         4    ###....
 Ice Form                 Ice/Tmut       #.......     63%         4    ###....
 Blade Hands              Tmut           #.........   92%         5    #####..


Dungeon Overview and Level Annotations

Branches:
Dungeon (11/15)            Temple (1/1) D:5            Lair (0/6) D:8
    Orc (1/2) D:10

Altars:
Dithmenos
Fedhas
Hepliaklqana
Kikubaaqudgha
Nemelex Xobeh
Okawaru
Qazlal
Ru
Sif Muna
Trog
Uskayaw
Vehumet
Xom
Zin
The Shining One

Shops:
D:7 *   D:8 }   D:9 }==[

Portals:
Trove: D:11 (give 4 scrolls of blinking)

Annotations:
D:3 2 transporters


Innate Abilities, Weirdness & Mutations

You can walk through water.
Your dull iron-grey scales are very hard. (AC +12)
You cannot fit into any form of body armour.
You can survive without breathing.
You are cold-blooded and may be slowed by cold attacks.


Message History

You see here a +0 giant club.
A centaur comes into view.
The centaur moves out of view.
The white ugly thing pecks you. The white ugly thing freezes you!!!
You feel a terrible chill!
You feel yourself slow down.
Ouch! That really hurt!
The centaur wields a +0 shortbow.
The centaur shoots an arrow.
The arrow closely misses you.
A hornet zombie comes into view.
You feel yourself speed up.
The white ugly thing pecks you but does no damage.
The centaur unwields a +0 shortbow.
The centaur hits you.
As you read the scroll of teleportation, it crumbles to dust.
You feel strangely unstable.
The centaur hits you but does no damage.
The white ugly thing pecks you!
* * * LOW HITPOINT WARNING * * *
The white ugly thing freezes you!!!
You feel a terrible chill!
Ouch! That really hurt!
You die...

........######..........# #
.............>..........# #.
........................####..
########..####................
#..# #................ #..#
#.)........######
#######..####...)......#
...........c...........#
...........u@...()รท....#
###..########.....)..).######
#. #..######......)) #..#
#........ #..# #..###### #..#
#..# #..# #..# #..# #..# #..#
#..#


You could see a white ugly thing and a centaur.

Vanquished Creatures
  2 two-headed ogres
  An orc knight (D:10)
  An elephant (D:8)
  A gargoyle (D:11)
  2 trolls
  3 hippogriffs
  A wyvern (D:11)
  Eustachio (D:6)
  Grum (D:11)
  A basilisk (D:8)
  10 orc warriors
  An ice beast (D:7)
  4 phantoms
  A black bear (D:7)
  3 sky beasts
  2 necrophages
  4 wolves
  8 centaurs
  7 ogres
  A crocodile (D:8)
  2 big kobolds
  8 bullfrogs
  Blork the orc (D:8)
  8 gnoll sergeants (Bailey)
  4 scorpions
  A howler monkey (D:5)
  2 vampire bats (D:5)
  7 crimson imps
  3 centaur zombies
  10 orc priests
  4 hounds
  8 jellies
  6 gnoll shamans (Bailey)
  10 orc wizards
  2 bullfrog skeletons
  3 iguanas
  4 worker ants
  A killer bee zombie (D:6)
  4 worker ant zombies
  21 gnolls
  A howler monkey skeleton (D:5)
  17 adders
  4 shadow imps
  6 oozes
  An adder skeleton (D:8)
  4 worms
  A dart slug (D:3)
  7 leopard geckos
  45 orcs
  2 ball pythons
  4 bats
  2 bat skeletons (D:5)
  4 bat zombies (D:5)
  3 giant cockroaches
  8 goblins
  7 hobgoblins
  6 jackals
  A quokka (D:7)
  5 frilled lizards
  16 kobolds
  A quokka zombie (D:5)
  8 rats
317 creatures vanquished.

Vanquished Creatures (others)
  15 fulminant prisms
  2 plants (D:11)
17 creatures vanquished.

Grand Total: 334 creatures vanquished

Notes
Turn   | Place    | Note
-------+----------+-------------------------------------------
     0 | D:1      | doot the Draconian Conjurer began the quest for the Orb.
     0 | D:1      | Reached XP level 1. HP: 14/14 MP: 3/3
   409 | D:3      | Reached XP level 2. HP: 13/20 MP: 3/5
   422 | D:3      | Learned a level 2 spell: Searing Ray
   738 | D:3      | Reached XP level 3. HP: 26/26 MP: 1/6
  1408 | D:4      | Noticed a hippogriff
  1827 | D:3      | Found a transporter.
  1842 | D:3      | Found a transporter.
  1845 | D:3      | Reached XP level 4. HP: 33/33 MP: 5/8
  1893 | D:3      | Reached skill level 1 in Short Blades
  1899 | D:3      | Reached skill level 5 in Conjurations
  2355 | D:4      | Found a glowing silver altar of Zin.
  2541 | D:4      | Reached XP level 5. HP: 39/39 MP: 0/9
  2681 | D:4      | Killed a hippogriff
  2681 | D:4      | Reached skill level 1 in Fighting
  2681 | D:4      | Reached XP level 6. HP: 11/47 MP: 0/11
  3009 | D:5      | Entered Level 5 of the Dungeon
  3053 | D:5      | Found a staircase to the Ecumenical Temple.
  3062 | Temple   | Entered the Ecumenical Temple
  3131 | Temple   | Became a worshipper of Vehumet
  3310 | D:5      | Got an ancient iron amulet
  3311 | D:5      | Identified the amulet of Xuikh {rF+ rC- rN+++ Regen+
                  | Stlth+} (You found it on level 5 of the Dungeon)
  4065 | D:2      | Found a faded altar of an unknown god.
  4440 | D:1      | Learned a level 4 spell: Fulminant Prism
  5389 | D:4      | Your scales start taking on a dull iron-grey colour.
  5389 | D:4      | Reached XP level 7. HP: 53/55 MP: 4/12
  5389 | D:4      | Gained mutation: You can survive without breathing. [Grey
                  | Draconian growth]
  5749 | D:5      | Found a sacrificial altar of Ru.
  5902 | D:5      | Reached * piety under Vehumet
  5902 | D:5      | Offered knowledge of Sting by Vehumet.
  6048 | D:6      | Found a shadowy altar of Dithmenos.
  6148 | D:6      | Noticed Eustachio
  6155 | D:6      | Reached skill level 6 in Conjurations
  6745 | D:5      | Found an ancient bone altar of Kikubaaqudgha.
  6850 | D:5      | Reached XP level 8. HP: 62/62 MP: 5/14
  7122 | D:5      | Found a stormy altar of Qazlal.
  7561 | D:6      | Reached skill level 1 in Hexes
  7601 | D:6      | Reached skill level 5 in Spellcasting
  8381 | D:6      | Killed Eustachio
  8381 | D:6      | Reached skill level 5 in Dodging
  8449 | D:6      | Reached skill level 7 in Conjurations
  8574 | D:6      | Found a bloodstained altar of Trog.
  8578 | D:6      | Found a hazy altar of Hepliaklqana.
  8578 | D:6      | Found a hide-covered altar of Uskayaw.
  8591 | D:6      | Found a shimmering altar of Xom.
  8594 | D:6      | Found an iron altar of Okawaru.
  8699 | D:6      | Reached XP level 9. HP: 68/68 MP: 7/17
  9352 | D:7      | Offered knowledge of Throw Flame by Vehumet.
  9359 | D:7      | Reached ** piety under Vehumet
  9678 | D:7      | Found Gouqesho's Assorted Antiques.
 10047 | D:8      | Reached skill level 8 in Conjurations
 10092 | D:8      | Found a glowing golden altar of the Shining One.
 10124 | D:8      | Reached skill level 1 in Axes
 10306 | D:8      | Found a flagged portal.
 10315 | Bailey   | Entered a bailey
 10660 | Bailey   | Offered knowledge of Mephitic Cloud by Vehumet.
 10666 | Bailey   | Learned a level 3 spell: Mephitic Cloud
 10673 | Bailey   | Learned a level 5 spell: Lightning Bolt
 10997 | Bailey   | Reached *** piety under Vehumet
 11452 | D:8      | Found Heig Mih's Gadget Emporium.
 11496 | D:8      | Found a staircase to the Lair.
 11505 | D:8      | Reached XP level 10. HP: 71/77 MP: 20/20
 11516 | D:8      | Noticed an elephant
 11534 | D:8      | Noticed Blork the orc
 11538 | D:8      | Killed Blork the orc
 11538 | D:8      | Reached skill level 1 in Poison Magic
 11590 | D:8      | Found a deep blue altar of Sif Muna.
 11606 | D:8      | Offered knowledge of Stone Arrow by Vehumet.
 11613 | D:8      | Killed an elephant
 11613 | D:8      | Reached skill level 5 in Axes
 11792 | D:8      | Noticed a two-headed ogre
 11879 | D:8      | Killed a two-headed ogre
 12400 | D:8      | Found the +9 scales of the Dragon King {rPois rF+ rC+ MR+}
 12497 | D:8      | Got a dazzling trident
 12498 | D:8      | Identified the +8 trident of Circularity {pierce, -Tele
                  | rPois Int+4} (You found it on level 8 of the Dungeon)
 12990 | D:9      | Noticed a two-headed ogre
 13008 | D:9      | Killed a two-headed ogre
 13008 | D:9      | Reached skill level 1 in Polearms
 13008 | D:9      | Reached skill level 1 in Air Magic
 13150 | D:9      | Found Ubenesul's Jewellery Shop.
 13214 | D:9      | Reached **** piety under Vehumet
 13214 | D:9      | Reached skill level 5 in Fighting
 13274 | D:9      | Offered knowledge of Conjure Flame by Vehumet.
 13308 | D:9      | Learned a level 3 spell: Conjure Flame
 13385 | D:9      | Reached skill level 5 in Stealth
 13435 | D:9      | Found Toeberasy's Jewellery Shoppe.
 13476 | D:9      | Found Bel Jost's Gadget Boutique.
 13598 | D:9      | Got a crude long sword
 13599 | D:9      | Identified the +5 long sword of the Imperium {holy, +Blink
                  | MR+ Int+3} (You found it on level 9 of the Dungeon)
 13607 | D:9      | Found Zucol Rowy's Armour Emporium.
 13672 | D:9      | Reached XP level 11. HP: 73/86 MP: 18/22
 13849 | D:10     | Entered Level 10 of the Dungeon
 14000 | D:10     | Found a staircase to the Orcish Mines.
 14000 | D:10     | Noticed an orc knight
 14017 | D:10     | Killed an orc knight
 14017 | D:10     | Reached skill level 1 in Long Blades
 14663 | Orc:1    | Entered Level 1 of the Orcish Mines
 14664 | Orc:1    | Noticed an orc knight
 14667 | Orc:1    | Noticed an orc sorcerer
 14695 | D:11     | Noticed Grum
 14704 | D:11     | Reached ***** piety under Vehumet
 14704 | D:11     | Offered knowledge of Poison Arrow by Vehumet.
 14714 | D:11     | Learned a level 6 spell: Poison Arrow
 14718 | D:11     | Noticed a centaur warrior
 15327 | D:11     | Killed Grum
 15588 | D:11     | Found a portal to a secret trove of treasure.
 15775 | D:11     | Noticed a white ugly thing
 15819 | D:11     | Annihilated by a white ugly thing

Skill      XL: |  1  2  3  4  5  6  7  8  9 10 11 |
---------------+----------------------------------+-----
Stealth        | 2 3 4 5 |  5.5
Short Blades   | 1 2 3 |  3.7
Dodging        | 2 3 4 5 6 |  6.5
Conjurations   | 5 6 7 8 |  8.7
Spellcasting   | 3 4 5 6 7 |  7.7
Fighting       | 1 2 3 5 6 |  6.0
Hexes          | 1 2 |  2.0
Axes           | 4 6 |  6.2
Poison Magic   | 1 2 |  2.3
Polearms       | 3 |  3.9
Air Magic      | 1 |  1.2
Long Blades    | 3 |  3.9

Action                   |  1- 3 |  4- 6 |  7- 9 | 10-12 || total
-------------------------+-------+-------+-------+-------++-------
Melee: Dagger            |    35 |    29 |   137 |       ||   201
       Tailslap          |     1 |     3 |    26 |    38 ||    68
       Broad axe         |       |       |    74 |    50 ||   124
       Trident           |       |       |       |    73 ||    73
       Long sword        |       |       |       |   159 ||   159
 Cast: Magic Dart        |    34 |    78 |   159 |    84 ||   355
       Searing Ray       |     7 |    12 |    63 |    29 ||   111
       Fulminant Prism   |       |       |    10 |     5 ||    15
       Mephitic Cloud    |       |       |    10 |    21 ||    31
       Conjure Flame     |       |       |       |     2 ||     2
       Lightning Bolt    |       |       |       |     2 ||     2
       Poison Arrow      |       |       |       |     3 ||     3
  Use: Scroll            |       |       |    13 |     3 ||    16
       Potion            |       |       |     1 |       ||     1
 Stab: Sleeping          |       |       |     6 |     5 ||    11
       Confused          |       |       |     2 |    12 ||    14
       Distracted        |       |       |       |     1 ||     1
  Eat: Chunk             |     4 |     8 |    19 |    13 ||    44
       Ration            |       |     1 |     1 |     1 ||     3
Armor: Skin              |    18 |    14 |   154 |   140 ||   326
Dodge: Dodged            |    30 |    37 |   297 |   309 ||   673
       Rpst.: Long sword |       |       |       |    48 ||    48
